 Dungeon Sprint DCSS version 0.17-a0-2220-g6fea741 (webtiles) character file.

165 Kidiri the Covert (level 5, 0/26 HPs)
             Began as a Spriggan Enchanter on Oct 28, 2015.
             Slain by a necrophage (5 damage)
             ... in the Dungeon (Sprint II: "The Violet Keep of Menkaure").
             The game lasted 00:00:19 (25 turns).

Kidiri the Covert (Spriggan Enchanter)                Turns: 25, Time: 00:00:19

Health: 0/26       AC:  3    Str:  4    XL:     5   Next: 22%
Magic:  8/14       EV: 23    Int: 16    God:
Gold:   0          SH:  0    Dex: 18    Spells: 1 memorised, 14 levels left

rFire  . . .     SeeInvis +     a - +1 dagger
rCold  . . .     Clarity  .     b - +1 robe
rNeg   . . .     SustAt   .     (shield restricted)
rPois  .         Gourm    .     (helmet restricted)
rElec  .         Spirit   .     (no cloak)
rCorr  .         Warding  .     (gloves unavailable)
rMut   .         NoTele   +     (boots unavailable)
MR     .....                    (no amulet)
Stlth  +++++.....               (no ring)
                                (no ring)

@: exhausted, slowed, quick, not resistant to hostile enchantments, quite
stealthy
A: unfitting armour, see invisible, herbivore 3, speed 3, slow metabolism 2
a: no special abilities


You were in the Dungeon.
You were not hungry.

You visited 1 branch

Inventory:

Hand Weapons
 a - a +1 dagger (weapon)
Armour
 b - a +1 robe (worn)
Scrolls
 j - a scroll of blinking
Potions
 e - a potion of curing
 f - a potion of heal wounds
 g - a potion of haste
 h - 2 potions of magic
Books
 c - a book of Maledictions

   Spells                             Type                      Level
   a - Corona                         Hexes                        1
   b - Ensorcelled Hibernation        Hexes/Ice                    2
   c - Confuse                        Hexes                        3
   d - Tukima's Dance                 Hexes                        3
   e - Dazzling Spray                 Conjuration/Hexes            3
Comestibles
 d - a bread ration


   Skills:
 + Level 2.3 Fighting
 * Level 4.9 Short Blades
 + Level 2.1 Armour
 * Level 7.3 Dodging
 * Level 8.2 Stealth
 * Level 5.9 Spellcasting
 + Level 5.3 Hexes


You had 14 spell levels left.
You knew the following spells:

 Your Spells              Type           Power        Failure   Level  Hunger
a - Corona                Hex            ###....      1%          1    None


Dungeon Overview and Level Annotations

Branches:
Dungeon (1/1)

Altars:


Innate Abilities, Weirdness & Mutations

You are tiny and cannot use many weapons and most armour.
You have supernaturally acute eyesight.
You are a herbivore.
You cover ground extremely quickly.
You need consume almost no food.


Message History

You hit the necrophage but do no damage.
The necrophage is moderately damaged.
You closely miss the necrophage.
The necrophage is moderately damaged.
You are no longer berserk.
You are exhausted.
You feel yourself slow down. The necrophage misses you.
The necrophage closely misses you.
You hit the necrophage.
The necrophage is moderately damaged.
The necrophage closely misses you. x2
You hit the necrophage but do no damage.
The necrophage is moderately damaged.
The necrophage completely misses you. The necrophage barely misses you.
You hit the necrophage.
The necrophage is heavily damaged.
The necrophage hits you. x2
* * * LOW HITPOINT WARNING * * *
The necrophage hits you.
You die...

## ##.#
#+#
#..n##.##
#$@.<.+
#..n##.##
##.# #+#
##


You could see 2 necrophages.

Vanquished Creatures
  2 necrophages (D)
2 creatures vanquished.

Notes
Turn   | Place    | Note
--------------------------------------------------------------
     0 | D        | Kidiri the Spriggan Enchanter began the quest for the Orb.
     0 | D        | Reached XP level 1. HP: 9/9 MP: 5/5
     1 | D        | Noticed a necrophage
     1 | D        | Noticed a necrophage
     1 | D        | Noticed a necrophage
     1 | D        | Noticed a necrophage
    11 | D        | Killed a necrophage
    11 | D        | Reached skill level 1 in Fighting
    11 | D        | Reached skill level 1 in Armour
    11 | D        | Reached skill level 5 in Dodging
    11 | D        | Reached skill level 6 in Stealth
    11 | D        | Reached XP level 2. HP: 12/14 MP: 5/8
    11 | D        | Reached XP level 3. HP: 15/18 MP: 6/10
    11 | D        | Reached XP level 4. HP: 18/22 MP: 6/11
    17 | D        | Killed a necrophage
    17 | D        | Reached skill level 7 in Dodging
    17 | D        | Reached skill level 8 in Stealth
    17 | D        | Reached skill level 5 in Spellcasting
    17 | D        | Reached skill level 5 in Hexes
    17 | D        | Reached XP level 5. HP: 18/26 MP: 7/14
    25 | D        | Slain by a necrophage

Vault maps used:
D:        the_violet_keep_of_menkaure

Action                   |  1- 3 |  4- 6 || total
-------------------------+-------+-------++-------
Melee: Dagger            |     9 |    13 ||    22
  Use: Potion            |     1 |       ||     1
